ORI
UNIVERSITY OF OKLAHOMA SOONERS @ UNIVERSITY OF ALABAMA CRIMSON TIDE
12/15/2046
 
TOP OF THE 1ST
University of Oklahoma Sooners batting - Pitching for University of Alabama Crimson Tide : RHP Alejandro Gomez
Pitching: RHP Alejandro Gomez
Batting: RHB Myles Sabine 0-0: Bunt for hit to 23 - play at first, batter safe!
Batting: LHB Jon Terrones 0-0: Called Strike
Myles Sabine steals 2nd base
0-1: Ball
1-1: Foul Ball, location: 2F
1-2: SINGLE (Groundball, 4, EV 95.0 MPH)
Myles Sabine to third
Runner from 3rd tries for Home, SAFE, throw by RF to home
Batting: RHB Jon Chatman Pickoff Play to 1st, Runner tries for 2nd, OUT after rundown.
0-0: Foul Ball, location: 2F
0-1: Swinging Strike
0-2: Ball
1-2: Foul Ball, location: 2F
1-2: Strikes out swinging
Batting: RHB Sugiarto Kartosuwiryo 0-0: Foul Ball, location: 2F
0-1: Ball
1-1: Swinging Strike
1-2: Ball
2-2: Ball
3-2: Fly out, F8 (Flyball, 8LM, EV 92.5 MPH)
Top of the 1st over - 1 run, 2 hits, 0 errors, 0 left on base; University of Oklahoma 1 - University of Alabama 0
BOTTOM OF THE 1ST
University of Alabama Crimson Tide batting - Pitching for University of Oklahoma Sooners : RHP Frank Diego
Pitching: RHP Frank Diego
Batting: LHB Joe Blackwood 0-0: Ball
1-0: Called Strike
1-1: Ball
2-1: Foul Ball, location: 2F
2-2: Strikes out swinging
Batting: LHB Robby Ramires 0-0: Ball
1-0: Ball
2-0: Ball
3-0: Base on Balls
Batting: LHB Danny Schultz 0-0: Ball
1-0: Ball
2-0: Fielders Choice at 2nd, 1-6 (Groundball, 13S, EV 70.6 MPH)
Batting: RHB Gustavo Delgado 0-0: Swinging Strike
0-1: Called Strike
Danny Schultz is caught stealing 2nd base 2-4
Bottom of the 1st over - 0 runs, 0 hits, 0 errors, 0 left on base; University of Oklahoma 1 - University of Alabama 0
TOP OF THE 2ND
University of Oklahoma Sooners batting - Pitching for University of Alabama Crimson Tide : RHP Alejandro Gomez
Batting: SHB Orlando Uribe 0-0: Ball
1-0: Called Strike
1-1: Called Strike
1-2: Strikes out looking
Batting: RHB Sam Mason 0-0: Called Strike
0-1: Ball
1-1: Ball
2-1: Ball
3-1: Swinging Strike
3-2: Base on Balls
Batting: LHB Pedro Marrero 0-0: Called Strike
0-1: Foul Ball, location: 2F
0-2: Foul Ball, location: 2F
0-2: Ball
1-2: Fielders Choice at 2nd, 4-6 (Groundball, 4, EV 80.0 MPH)
Batting: RHB David Stuckey 0-0: Ball
1-0: Ball
2-0: Called Strike
2-1: Swinging Strike
2-2: Foul Ball, location: 2F
2-2: Ball
3-2: Foul Ball, location: 2F
3-2: SINGLE (Groundball, 13, EV 85.6 MPH) (infield hit)
Pedro Marrero to second
Batting: RHB Kjeld Leen 0-0: Called Strike
0-1: Swinging Strike
0-2: Ball
1-2: Foul Ball, location: 2F
1-2: Strikes out swinging
Top of the 2nd over - 0 runs, 1 hit, 0 errors, 2 left on base; University of Oklahoma 1 - University of Alabama 0
BOTTOM OF THE 2ND
University of Alabama Crimson Tide batting - Pitching for University of Oklahoma Sooners : RHP Frank Diego
Batting: RHB Gustavo Delgado 0-0: Called Strike
0-1: SOLO HOME RUN (Flyball, 7D, EV 103.1 MPH), Distance : 376 ft
Batting: LHB Matt Barkley 0-0: Foul Ball, location: 2F
0-1: Ball
1-1: Foul Ball, location: 2F
1-2: Ball
2-2: Ball
3-2: Ground out U3 (Groundball, 34S, EV 81.9 MPH)
Batting: RHB Hughie Withers 0-0: Called Strike
0-1: Ball
1-1: Swinging Strike
1-2: Strikes out swinging
Batting: RHB Fernando Reyes 0-0: Called Strike
0-1: Ground out 6-3 (Groundball, 6, EV 101.2 MPH)
Bottom of the 2nd over - 1 run, 1 hit, 0 errors, 0 left on base; University of Oklahoma 1 - University of Alabama 1
TOP OF THE 3RD
University of Oklahoma Sooners batting - Pitching for University of Alabama Crimson Tide : RHP Alejandro Gomez
Batting: RHB Myles Sabine 0-0: Called Strike
0-1: Ball
1-1: Called Strike
1-2: Foul Ball, location: 2F
1-2: Ball
2-2: Strikes out swinging
Batting: LHB Jon Terrones 0-0: Ball
1-0: Ball
2-0: Ball
3-0: Called Strike
3-1: Called Strike
3-2: Strikes out swinging
Batting: RHB Jon Chatman 0-0: Ball
1-0: SOLO HOME RUN (Flyball, 7LD, EV 103.8 MPH), Distance : 377 ft
Batting: RHB Sugiarto Kartosuwiryo 0-0: Ball
1-0: Fly out, F2 (Popup, 2RF, EV 90.6 MPH)
Top of the 3rd over - 1 run, 1 hit, 0 errors, 0 left on base; University of Oklahoma 2 - University of Alabama 1
BOTTOM OF THE 3RD
University of Alabama Crimson Tide batting - Pitching for University of Oklahoma Sooners : RHP Frank Diego
Batting: RHB Eric Kilmer 0-0: Ball
1-0: Swinging Strike
1-1: Foul Ball, location: 2F
1-2: Ball
2-2: Fly out, F7 (Flyball, 7S, EV 91.9 MPH)
Batting: RHB Larry Brown 0-0: Foul Ball, location: 2F
0-1: Ground out 6-3 (Groundball, 6, EV 78.1 MPH)
Batting: LHB Joe Blackwood 0-0: Ball
1-0: Ground out 1-3 (Groundball, 34S, EV 68.1 MPH)
Bottom of the 3rd over - 0 runs, 0 hits, 0 errors, 0 left on base; University of Oklahoma 2 - University of Alabama 1
TOP OF THE 4TH
University of Oklahoma Sooners batting - Pitching for University of Alabama Crimson Tide : RHP Alejandro Gomez
Batting: SHB Orlando Uribe 0-0: Ball
1-0: Ground out 4-3 (Groundball, 4, EV 85.6 MPH)
Batting: RHB Sam Mason 0-0: Ball
1-0: Ball
2-0: Foul Ball, location: 2F
2-1: Foul Ball, location: 2F
2-2: Ball
3-2: Strikes out looking
Batting: LHB Pedro Marrero 0-0: Foul Ball, location: 2F
0-1: Ball
1-1: SINGLE (Groundball, 56D, EV 109.4 MPH)
Batting: RHB David Stuckey 0-0: Called Strike
0-1: Foul Ball, location: 2F
0-2: Ball
1-2: Foul Ball, location: 2F
1-2: Strikes out swinging
Top of the 4th over - 0 runs, 1 hit, 0 errors, 1 left on base; University of Oklahoma 2 - University of Alabama 1
BOTTOM OF THE 4TH
University of Alabama Crimson Tide batting - Pitching for University of Oklahoma Sooners : RHP Frank Diego
Batting: LHB Robby Ramires 0-0: Called Strike
0-1: Ball
1-1: Swinging Strike
1-2: SINGLE (Groundball, 34D, EV 98.1 MPH)
Batting: LHB Danny Schultz 0-0: Ball
1-0: Ball
2-0: Swinging Strike
2-1: Foul Ball, location: 2F
2-2: Ball
3-2: Strikes out looking
Batting: RHB Gustavo Delgado 0-0: Called Strike
0-1: Ball
1-1: Ball
2-1: Foul Ball, location: 2F
2-2: Foul Ball, location: 2F
2-2: Foul Ball, location: 2F
2-2: Foul Ball, location: 2F
2-2: SINGLE (Groundball, 56D, EV 100.0 MPH)
Robby Ramires to second
Batting: LHB Matt Barkley 0-0: Ball
1-0: Swinging Strike
1-1: Swinging Strike
1-2: Foul Ball, location: 2F
1-2: Foul Ball, location: 2F
1-2: Foul Ball, location: 2F
1-2: Fielders Choice at 2nd, 2-4 (Groundball, 2L, EV 73.8 MPH)
Robby Ramires to third
Batting: RHB Hughie Withers 0-0: Ball
1-0: Called Strike
1-1: Called Strike
1-2: Fielders Choice at 2nd, 6-4 (Groundball, 56, EV 90.0 MPH)
Bottom of the 4th over - 0 runs, 2 hits, 0 errors, 2 left on base; University of Oklahoma 2 - University of Alabama 1
TOP OF THE 5TH
University of Oklahoma Sooners batting - Pitching for University of Alabama Crimson Tide : RHP Alejandro Gomez
Pitching: RHP Victor Carillo
Batting: RHB Kjeld Leen 0-0: Ball
1-0: Foul Ball, location: 2F
1-1: Fly out, F8 (Flyball, 89D, EV 105.0 MPH)
Batting: RHB Myles Sabine 0-0: Swinging Strike
0-1: Ball
1-1: Ground out 6-3 (Groundball, 6MS, EV 93.1 MPH)
Batting: LHB Jon Terrones 0-0: Ball
1-0: Ball
2-0: Called Strike
2-1: Foul Ball, location: 2F
2-2: Ball
3-2: Strikes out looking
Top of the 5th over - 0 runs, 0 hits, 0 errors, 0 left on base; University of Oklahoma 2 - University of Alabama 1
BOTTOM OF THE 5TH
University of Alabama Crimson Tide batting - Pitching for University of Oklahoma Sooners : RHP Frank Diego
Batting: RHB Fernando Reyes 0-0: Ball
1-0: Ball
2-0: SOLO HOME RUN (Flyball, 78XD, EV 101.9 MPH), Distance : 399 ft
Batting: RHB Eric Kilmer 0-0: Called Strike
0-1: Ball
1-1: Ball
2-1: Foul Ball, location: 2F
2-2: Foul Ball, location: 2F
2-2: Strikes out swinging
Pitching: LHP Keith Brushett
Batting: RHB Larry Brown 0-0: Called Strike
0-1: Foul Ball, location: 2F
0-2: Ball
1-2: Ball
2-2: Ball
3-2: Ground out 1-3 (Groundball, 34S, EV 65.6 MPH)
Batting: LHB Joe Blackwood 0-0: Foul Ball, location: 2F
0-1: Fly out, F8 (Flyball, 8LS, EV 90.6 MPH)
Bottom of the 5th over - 1 run, 1 hit, 0 errors, 0 left on base; University of Oklahoma 2 - University of Alabama 2
TOP OF THE 6TH
University of Oklahoma Sooners batting - Pitching for University of Alabama Crimson Tide : RHP Victor Carillo
Batting: RHB Jon Chatman 0-0: Ball
1-0: Ground out 3-1 (Groundball, 13, EV 85.0 MPH)
Batting: RHB Sugiarto Kartosuwiryo 0-0: Swinging Strike
0-1: Ball
1-1: Foul Ball, location: 2F
1-2: Ball
2-2: Ball
3-2: Ground out 5-3 (Groundball, 25, EV 83.1 MPH)
Batting: SHB Orlando Uribe 0-0: Ball
1-0: Foul Ball, location: 2F
1-1: Ball
2-1: Ground out U3 (Groundball, 3, EV 86.2 MPH)
Top of the 6th over - 0 runs, 0 hits, 0 errors, 0 left on base; University of Oklahoma 2 - University of Alabama 2
BOTTOM OF THE 6TH
University of Alabama Crimson Tide batting - Pitching for University of Oklahoma Sooners : LHP Keith Brushett
Batting: LHB Robby Ramires 0-0: Called Strike
0-1: Ball
1-1: Fly out, F6 (Popup, 6MS, EV 75.6 MPH)
Batting: LHB Danny Schultz 0-0: Foul Ball, location: 2F
0-1: Ball
1-1: Ground out 5-3 (Groundball, 56S, EV 65.6 MPH)
Batting: RHB Gustavo Delgado 0-0: Called Strike
0-1: Ball
1-1: Fly out, F8 (Flyball, 8RM, EV 91.2 MPH)
Bottom of the 6th over - 0 runs, 0 hits, 0 errors, 0 left on base; University of Oklahoma 2 - University of Alabama 2
TOP OF THE 7TH
University of Oklahoma Sooners batting - Pitching for University of Alabama Crimson Tide : RHP Victor Carillo
Pitching: LHP Juan Cardenas
Batting: RHB Sam Mason 0-0: Ball
1-0: Ground out 6-3 (Groundball, 56, EV 86.9 MPH)
Batting: LHB Pedro Marrero 0-0: Foul Ball, location: 2F
0-1: Ball
1-1: SOLO HOME RUN (Flyball, 9D, EV 95.6 MPH), Distance : 354 ft
Batting: RHB David Stuckey 0-0: Called Strike
0-1: Swinging Strike
0-2: Fly out, F8 (Flyball, 78D, EV 109.4 MPH)
Batting: RHB Kjeld Leen 0-0: Called Strike
0-1: Swinging Strike
0-2: Ball
1-2: Foul Ball, location: 2F
1-2: Foul Ball, location: 2F
1-2: Ball
2-2: Ball
3-2: Foul Ball, location: 2F
3-2: Fly out, F9 (Flyball, 9, EV 95.6 MPH)
Top of the 7th over - 1 run, 1 hit, 0 errors, 0 left on base; University of Oklahoma 3 - University of Alabama 2
BOTTOM OF THE 7TH
University of Alabama Crimson Tide batting - Pitching for University of Oklahoma Sooners : LHP Keith Brushett
Batting: LHB Matt Barkley 0-0: Ball
1-0: Ball
2-0: Foul Ball, location: 2F
2-1: Fly out, F5 (Popup, 5SF, EV 80.0 MPH)
Batting: RHB Hughie Withers 0-0: Called Strike
0-1: Fly out, F8 (Flyball, 8LXD, EV 76.2 MPH)
Batting: RHB Fernando Reyes 0-0: Called Strike
0-1: Swinging Strike
0-2: Ball
1-2: Foul Ball, location: 2F
1-2: Foul Ball, location: 2F
1-2: Ball
2-2: Fly out, F8 (Line Drive, 8RM, EV 88.8 MPH)
Bottom of the 7th over - 0 runs, 0 hits, 0 errors, 0 left on base; University of Oklahoma 3 - University of Alabama 2
TOP OF THE 8TH
University of Oklahoma Sooners batting - Pitching for University of Alabama Crimson Tide : LHP Juan Cardenas
Pitching: RHP Matilde Tudela
Batting: RHB Myles Sabine 0-0: Swinging Strike
0-1: Ball
1-1: Called Strike
1-2: Ball
2-2: Ball
3-2: Base on Balls
Batting: LHB Jon Terrones 0-0: Ball
1-0: Ball
2-0: Called Strike
2-1: Foul Ball, location: 2F
2-2: Ball
3-2: Base on Balls
Myles Sabine to second
Batting: RHB Jon Chatman 0-0: Called Strike
Myles Sabine steals 3rd base (no throw)
0-1: Ball
Jon Terrones is caught stealing 2nd base 2-4
1-1: Ball
2-1: Foul Ball, location: 2F
2-2: Foul Ball, location: 2F
2-2: Foul Ball, location: 2F
2-2: Strikes out looking
Batting: RHB Sugiarto Kartosuwiryo 0-0: Ground out 5-3 (Groundball, 56, EV 102.5 MPH)
Top of the 8th over - 0 runs, 0 hits, 0 errors, 1 left on base; University of Oklahoma 3 - University of Alabama 2
BOTTOM OF THE 8TH
University of Alabama Crimson Tide batting - Pitching for University of Oklahoma Sooners : LHP Keith Brushett
Batting: RHB Eric Kilmer 0-0: Called Strike
0-1: Foul Ball, location: 2F
0-2: Ball
1-2: Strikes out swinging
Batting: RHB Larry Brown 0-0: Foul Ball, location: 2F
0-1: Ball
1-1: Swinging Strike
1-2: Foul Ball, location: 2F
1-2: Ball
2-2: Ball
3-2: Fly out, F4 (Popup, 34, EV 75.6 MPH)
Batting: LHB Joe Blackwood 0-0: Ball
1-0: Ball
2-0: Called Strike
2-1: Ball
3-1: Base on Balls
Pitching: LHP Bruce Chapman
Batting: LHB Robby Ramires 0-0: Ground out 6-3 (Groundball, 6S, EV 69.4 MPH)
Bottom of the 8th over - 0 runs, 0 hits, 0 errors, 1 left on base; University of Oklahoma 3 - University of Alabama 2
TOP OF THE 9TH
University of Oklahoma Sooners batting - Pitching for University of Alabama Crimson Tide : RHP Matilde Tudela
Pitching: RHP Dave Bellah
Batting: SHB Orlando Uribe 0-0: Swinging Strike
0-1: Foul Ball, location: 2F
0-2: Strikes out swinging
Batting: RHB Sam Mason 0-0: Called Strike
0-1: Swinging Strike
0-2: Ball
1-2: Ball
2-2: Ground out 6-3 (Groundball, 6, EV 85.0 MPH)
Batting: LHB Pedro Marrero 0-0: Foul Ball, location: 2F
0-1: Ball
1-1: Fly out, F7 (Flyball, 7LS, EV 92.5 MPH)
Top of the 9th over - 0 runs, 0 hits, 0 errors, 0 left on base; University of Oklahoma 3 - University of Alabama 2
BOTTOM OF THE 9TH
University of Alabama Crimson Tide batting - Pitching for University of Oklahoma Sooners : LHP Bruce Chapman
Pitching: LHP Bobby Cimilluca
Pinch Hitting: RHB Onorato Zacagnini 0-0: Called Strike
0-1: Called Strike
0-2: Ball
1-2: Foul Ball, location: 2F
1-2: Ball
2-2: SINGLE (Groundball, 56D, EV 100.6 MPH)
Batting: RHB Gustavo Delgado 0-0: Ball
1-0: Ball
2-0: Called Strike
2-1: SINGLE (Line Drive, 34D, EV 100.6 MPH)
Onorato Zacagnini to second
Batting: LHB Matt Barkley 0-0: Swinging Strike
0-1: Ball
1-1: Foul Ball, location: 2F
1-2: Ball
2-2: Ball
Wild Pitch!
Onorato Zacagnini to third
Gustavo Delgado to second
3-2: Fly out, F7 (Flyball, 78S, EV 85.6 MPH)
Batting: RHB Hughie Withers 0-0: Intentional Walk
Batting: RHB Fernando Reyes 0-0: Foul Ball, location: 2F
0-1: Ball
1-1: Ball
2-1: Ball
3-1: Hit by Pitch
Onorato Zacagnini scores
Gustavo Delgado to third
Hughie Withers to second
Batting: RHB Eric Kilmer 0-0: Foul Ball, location: 2F
0-1: Ball
1-1: Swinging Strike
1-2: Ball
2-2: Ball
3-2: SINGLE (Groundball, 6D, EV 105.0 MPH)
Gustavo Delgado scores
Bottom of the 9th over - 2 runs, 3 hits, 0 errors, 2 left on base; University of Oklahoma 3 - University of Alabama 4
Tuesday, September 13th , 2022 - OOTP Baseball 23.7 Build 88